 Dungeon Crawl Stone Soup version 0.28.0-53-g5a82cb258f (webtiles) character file.

Game seed: 16482315307100669601

237 LynnLen the Insei (level 5, -1/39 (41) HPs)
             Began as a Draconian Transmuter on July 29, 2022.
             Slain by a wight
             ... wielding a +0 halberd
              (7 damage)
             ... on level 4 of the Dungeon.
             The game lasted 00:08:14 (4161 turns).

LynnLen the Insei (Draconian Transmuter)            Turns: 4161, Time: 00:08:15

HP:   -1/39 (41)    AC:  5    Str: 12    XL:     5   Next: 77%
MP:   6/9           EV: 12    Int: 15    God:
Gold: 113           SH:  0    Dex: 12    Spells: 0/10 levels left

rFire   . . .      SeeInvis .     - Unarmed
rCold   . . .      Faith    .   (no shield)
rNeg    . . .      Spirit   .   (armour unavailable)
rPois   .          Reflect  .   (helmet currently unavailable)
rElec   .          Harm     .   (no cloak)
rCorr   .          Rampage  .   (no gloves)
Will    .....                   (boots currently unavailable)
Stlth   +.........              (no amulet)
HPRegen 0.13/turn               f - +4 ring of slaying
MPRegen 0.11/turn               (no ring)

@: appendages, wereblooded, lightly drained
A: horns 2, talons 2, AC +5, unfitting armour, cold-blooded
a: End Transformation


You were on level 4 of the Dungeon.
You had temporarily grown beastly horns and talons.
You visited 1 branch of the dungeon, and saw 4 of its levels.

You collected 113 gold pieces.

Inventory:

Missiles
 b - 94 stones
 e - 2 throwing nets
Jewellery
 f - a +4 ring of slaying (left hand)
 m - a ring of protection from cold
Scrolls
 c - a scroll of amnesia {unknown}
 g - 2 scrolls of teleportation
 k - a scroll of torment {unknown}
 l - a scroll of enchant armour {unknown}
 n - a scroll of magic mapping
Potions
 a - a potion of invisibility
 i - a potion of curing
 j - a potion of flight {unknown}


   Skills:
 + Level 1.7 Fighting
 + Level 2.3 Dodging
 + Level 0.6 Stealth
 + Level 4.2 Unarmed Combat
 + Level 3.1 Spellcasting
 + Level 3.3 Transmutations
 * Level 1.4 Poison Magic


You couldn't memorise any spells.
You knew the following spells:

 Your Spells              Type           Power      Damage    Failure   Level
a - Beastly Appendage     Tmut           24%        N/A       4%          1
b - Wereblood             Tmut           12%        N/A       8%          2
c - Spider Form           Tmut/Pois      9%         N/A       22%         3
d - Ice Form              Ice/Tmut       7%         N/A       69%         4

Your spell library contained the following spells:

 Spells                   Type           Power      Damage    Failure   Level
 Tukima's Dance           Hex            2%         N/A       52%         3
 Passage of Golubria      Tloc           2%         N/A       89%         4
 Yara's Violent Unravell  Hex/Tmut       3%         3d4       95%         5


Dungeon Overview and Level Annotations

Branches:
Dungeon (4/15)
 Temple: D:4-7

Altars:
Dithmenos
Makhleb
The Shining One

Shops:
D:2 *


Innate Abilities, Weirdness & Mutations

You have temporarily grown beastly horns and talons.
Your plain brown scales are hard. (AC +5)
You cannot fit into any form of body armour.
You are cold-blooded and may be slowed by cold attacks.


Message History

The wight is severely damaged.
The hound skeleton bites you.
You hit the wight. Your kick misses the wight.
The wight is almost destroyed.
The hound skeleton bites you but does no damage.
The wight completely misses you.
You closely miss the wight. You headbutt the wight.
You destroy the wight!
The hound skeleton bites you but does no damage.
The hound skeleton barely misses you.
Your life force feels restored.
You punch the hound skeleton!
You destroy the hound skeleton!
Things that are here:
a +2 great sword; a +0 robe You start resting.
Your transformation is almost over.
Your horns disappear.
Your talons disappear.
HP restored.
A wight comes into view. It is wielding a +0 halberd.
Found a stone staircase leading down.
A wight comes into view. It is wielding a +0 great sword.
Found a stone staircase leading down.
The wight misses you. The wight closely misses you.
Casting: Wereblood (safe; 8% risk of failure)
Press: ? - help, Q - select action, (/) - cycle Dir - look around, f - activate Your blood is infused with primal strength.
The wight barely misses you.
Casting: Beastly Appendage (safe; 4% risk of failure)
Press: ? - help, Q - select action, (/) - cycle Dir - look around, f - activate You grow a pair of large bovine horns.
Your feet morph into talons.
The wight barely misses you.
The wight hits you with a +0 great sword.
The wight hits you with a +0 halberd!
You feel drained.
You hit the wight. You headbutt the wight!
Your tail-slap misses the wight.
The wight is almost destroyed.
The wight hits you with a +0 great sword!
* * * LOW HITPOINT WARNING * * *
The wight hits you with a +0 halberd!
You die...

...........
#>........#
##...:....#
#.........##
#.....##
#......#
##.##....# #zz#
#... ##.@## #...
#..# #....## ..
##... #..#...#
#.###....
#...###..##
#..#..... #...#
##..## #........
#..##
##.)#####..#....
..#
##...##....#.^.
. ##............
##....#......


You could see 2 wights.

Vanquished Creatures
  A necrophage (D:3)
  A wight (D:4)
  A hound skeleton (D:4)
  2 adders
  A worm (D:3)
  3 dart slugs
  2 orcs (D:3)
  7 bats
  4 endoplasms
  2 giant cockroaches
  2 goblins (D:3)
  11 hobgoblins
  A quokka (D:1)
  4 ball pythons
  6 frilled lizards
  11 kobolds
  9 rats
68 creatures vanquished.

Notes
Turn   | Place    | Note
-------+----------+-------------------------------------------
     0 | D:1      | LynnLen the Draconian Transmuter began the quest for the
                  | Orb.
     0 | D:1      | Reached XP level 1. HP: 16/16 MP: 3/3
   546 | D:1      | Reached XP level 2. HP: 23/23 MP: 3/5
   551 | D:1      | Learned a level 2 spell: Wereblood
  1589 | D:2      | Found a burning altar of Makhleb.
  1687 | D:2      | Found Jies's Assorted Antiques.
  1825 | D:2      | Reached XP level 3. HP: 27/28 MP: 4/6
  2599 | D:2      | Learned a level 3 spell: Spider Form
  3032 | D:3      | Reached XP level 4. HP: 35/35 MP: 5/7
  3141 | D:3      | Found a shadowy altar of Dithmenos.
  3366 | D:3      | Noticed a necrophage
  3375 | D:3      | Killed a necrophage
  3376 | D:3      | Reached skill level 4 in Unarmed Combat
  3376 | D:3      | Reached skill level 1 in Poison Magic
  3376 | D:3      | Reached XP level 5. HP: 33/40 MP: 6/9
  3555 | D:3      | Found a glowing golden altar of the Shining One.
  3933 | D:3      | Learned a level 4 spell: Ice Form
  3934 | D:4      | Noticed an ogre
  4161 | D:4      | Slain by a wight

Illustrated notes

Levels and vault maps discovered:
D:1:      erik_arrival_cave_to_civilisation [erik_arrival_cave_to_temple],
          layout_basic, minmay_split_cup_small
D:2:      layout_basic, serial_shops, shop, basic_altar,
          kennysheep_generic_room_9
D:3:      layout_basic, mainiacjoe_overflow_concentric_impassable,
          nicolae_dithmenos_shadow_blocks
D:4:      layout_layer_cave, nicolae_gozag_cash_rules_everything_around_me,
          glass_columns_b

Skill      XL: |  1  2  3  4  5 |
---------------+----------------+-----
Dodging        | 2 |  2.3
Unarmed Combat | 4 |  4.2
Transmutations | 3 |  3.3
Poison Magic   | 1 |  1.4
Spellcasting   | 3 |  3.1
Fighting       | |  1.7
Stealth        | |  0.6

Action                   |  1- 3 |  4- 6 || total
-------------------------+-------+-------++-------
Melee: Unarmed           |    94 |    42 ||   136
       Kick              |    18 |     5 ||    23
       Headbutt          |     5 |     8 ||    13
       Tailslap          |     3 |     4 ||     7
 Cast: Beastly Appendage |    27 |    12 ||    39
       Wereblood         |     4 |     1 ||     5
  Use: Scroll            |     6 |     1 ||     7
       Potion            |       |     1 ||     1
Armor: Skin              |    51 |    10 ||    61
Dodge: Dodged            |    92 |    27 ||   119
